 Dungeon Crawl Stone Soup version 0.31-a0-1610-g9787180647 (webtiles) character file.

Game seed: 8224472182070791069

174436 Dirtsage the Metamorph (level 17, -2/119 HPs)
             Began as an Octopode Shapeshifter on Jan 8, 2024.
             Was the Champion of the Shining One.
             Slain by a hornet (3 damage)
             ... created by a shambling mangrove
             ... on level 1 of the Swamp.
             The game lasted 01:49:20 (40784 turns).

Dirtsage the Metamorph (Octopode Shapeshifter)     Turns: 40784, Time: 01:49:21

Health: -2/119     AC: 11    Str: 21    XL:     17   Next: 78%
Magic:  24/24      EV: 25    Int: 18    God:    the Shining One [******]
Gold:   267        SH:  5    Dex: 22    Spells: 6/16 levels left

rFire   . .          .
                       - Unarmed
rCold   + . .        (no shield)
rNeg    + + +        (helmet restricted)
rPois   +            X - amulet of Kindness {Reflect ^Contam Dex+4 SH+5}
rElec   .            P - ring of poison resistance
rCorr   .            m - +6 ring of intelligence
SInv    .            I - ring of protection from cold
Will    +....        K - +5 ring of evasion
Stlth   +            N - ring of positive energy
HPRegen 0.39/turn    E - +6 ring of strength
MPRegen 0.19/turn    (no ring)
                     Z - +4 ring of protection

%: reflection
@: ice-armoured, grasped by roots, glowing, constricted, studying Long Blades
A: almost no armour, amphibious, 8 rings, camouflage 1, gelatinous body 1,
(nimble swimmer 1), tentacles
}: 1/15 runes: serpentine
a: Renounce Religion, Divine Shield, Cleansing Flame, Summon Divine Warrior,
Brand Weapon With Holy Wrath


You were on level 1 of the Swamp.
You worshipped the Shining One.
The Shining One was exalted by your worship.
You visited 6 branches of the dungeon, and saw 27 of its levels.
You visited 1 bazaar.
You also visited: Volcano.

You collected 2922 gold pieces.
You spent 2655 gold pieces at shops.

Inventory:

Missiles
 a - 2 throwing nets
Jewellery
 m - a +6 ring of intelligence (right tentacle)
 E - a +6 ring of strength (on tentacle)
 G - a ring of fire
 H - an amulet of faith
 I - a ring of protection from cold (on tentacle)
 K - a +5 ring of evasion (on tentacle)
 N - a ring of positive energy (on tentacle)
 P - a ring of poison resistance (left tentacle)
 S - a ring of fire
 T - a ring of flight
 W - an amulet of magic regeneration
 X - the amulet of Kindness (around mantle) {Reflect ^Contam Dex+4 SH+5}
   (You found it on level 13 of the Dungeon)

   [amulet of reflection]

   Reflect:   It reflects blocked missile attacks.
   Dex+4:     It affects your dexterity (+4).
   ^Contam:   It causes magical contamination when unequipped.
   SH+5:      It affects your SH (+5).
 Z - a +4 ring of protection (on tentacle)
Talismans
 w - a serpent talisman
 F - a maw talisman
 Y - a storm talisman
Wands
 c - a wand of roots (12)
 x - a wand of quicksilver (7)
 y - a wand of charming (5)
 D - a wand of digging (20)
 L - a wand of flame (21)
 V - a wand of mindburst (10)
Scrolls
 b - a scroll of revelation
 e - 5 scrolls of vulnerability
 f - 4 scrolls of amnesia
 g - 2 scrolls of fear
 i - 2 scrolls of identify
 r - 7 scrolls of poison
 t - 7 scrolls of teleportation
 z - 5 scrolls of immolation
 A - 3 scrolls of fog
 B - 3 scrolls of blinking
 C - a scroll of noise
 M - a scroll of silence
 O - 3 scrolls of enchant armour
 Q - 2 scrolls of butterflies
Potions
 d - 2 potions of might
 h - 4 potions of haste
 j - a potion of cancellation
 k - 2 potions of brilliance
 l - 5 potions of heal wounds
 n - 2 potions of resistance
 o - 5 potions of mutation
 p - 3 potions of enlightenment
 q - 3 potions of curing
 s - 9 potions of lignification
 u - 2 potions of attraction
 v - 3 potions of ambrosia
 J - 2 potions of invisibility
 U - a potion of berserk rage
Miscellaneous
 R - a phial of floods


   Skills:
 - Level 12.1 Fighting
 - Level 12.2 Dodging
 - Level 12.1 Unarmed Combat
 - Level 5.3 Translocations
 - Level 5.9 Ice Magic
 - Level 10.5 Invocations
 + Level 19.7 Shapeshifting


You had 6 spell levels left.
You knew the following spells:

 Your Spells              Type           Power      Damage    Failure   Level
a - Manifold Assault      Tloc           19%        N/A       26%         4
b - Frozen Ramparts       Ice            42%        1d7       6%          3
A - Ozocubu's Armour      Ice            21%        N/A       6%          3

Your spell library contained the following spells:

 Spells                   Type           Power      Damage    Failure   Level
 Freeze                   Ice            84%        1d9       1%          1
 Lesser Beckoning         Tloc           38%        N/A       3%          2
 Gell's Gravitas          Tloc           19%        N/A       8%          3
 Teleport Other           Tloc           19%        N/A       8%          3
 Hailstorm                Conj/Ice       10%        3d6       21%         3
 Magic Dart               Conj           0%         1d3       22%         1
 Searing Ray              Conj           0%         2d4       32%         2
 Dazzling Flash           Conj/Hex       0%         N/A       54%         3
 Fugue of the Fallen      Necr           0%         N/A       54%         3
 Mephitic Cloud           Conj/Alch/Air  0%         N/A       54%         3
 Fulminant Prism          Conj/Alch      0%         3d5       91%         4
 Curse of Agony           Necr           0%         N/A       99%         5
 Silence                  Hex/Air        0%         N/A       99%         5
 Sculpt Simulacrum        Ice/Alch       5%         N/A       100%        6
 Ozocubu's Refrigeration  Ice            10%        4d9       100%        7
 Polar Vortex             Ice            10%        12d1*     100%        9


Dungeon Overview and Level Annotations

Branches:
Dungeon (14/15)            Temple (1/1) D:6            Lair (5/5) D:11
  Swamp (1/4) Lair:2        Snake (4/4) Lair:2        Slime (0/5) Lair:4
    Orc (2/2) D:11            Elf (0/3) Orc:2        Vaults (0/5) D:14
Volcano (visited)

Altars:
Ashenzari
Cheibriados
Dithmenos
Elyvilon
Fedhas
Gozag
Hepliaklqana
Kikubaaqudgha
Makhleb
Nemelex Xobeh
Okawaru
Qazlal
Ru
Sif Muna
Trog
Uskayaw
Vehumet
Wu Jian
Xom
Yredelemnul
Zin
The Shining One
Jiyva

Shops:
D:1 =[[   D:2 *([([   Orc:2 ?[**   Snake:1 =:=   Snake:2 ?*:(   Snake:4 *

Portals:
Abyss: Snake:4

Annotations:
Lair:4 Rupert
Snake:4 2 transporters, Tungsten's ghost, adept OpSh


Innate Abilities, Weirdness & Mutations

You cannot wear most types of armour.
You are amphibious.
You can wear up to eight rings at the same time.
Your skin changes colour to match your surroundings (Stealth+).
Your rubbery body absorbs attacks. (AC +1, EV +1)
((You are camouflaged when in or above water. (Stealth+)))
You have tentacles for arms and can constrict up to eight enemies at once.


Message History

MP restored: 24 You bludgeon the shambling mangrove!
You squeeze the shambling mangrove!
The shambling mangrove is moderately damaged.
You bludgeon the shambling mangrove! You squeeze the shambling mangrove.
The shambling mangrove is heavily damaged.
The shambling mangrove completely misses you.
The grasping roots constrict you!
You take 15 damage, and have 42/119 hp.
You bludgeon the shambling mangrove!
You squeeze the shambling mangrove, but do no damage.
The shambling mangrove is severely damaged.
Angry insects surge out from beneath the shambling mangrove's foliage!
The shambling mangrove hits you! The grasping roots constrict you.
* * * LOW HITPOINT WARNING * * *
You take 9 damage, and have 33/119 hp.
You tentacle-slap the shambling mangrove.
The shambling mangrove is severely damaged.
The hornet stings you!
* * * LOW HITPOINT WARNING * * *
You feel yourself slow down.
You take 11 damage, and have 22/119 hp.
You tentacle-slap the shambling mangrove but do no damage.
You squeeze the shambling mangrove!
The shambling mangrove is severely damaged.
You feel yourself speed up.
The hornet stings you but does no damage.
The hornet barely misses you.
You block the shambling mangrove's attack.
The grasping roots constrict you!
* * * LOW HITPOINT WARNING * * *
You take 9 damage, and have 13/119 hp.
You tentacle-slap the shambling mangrove.
You squeeze the shambling mangrove, but do no damage.
The shambling mangrove is severely damaged.
The hornet completely misses you. The hornet closely misses you.
You block the shambling mangrove's attack.
The grasping roots constrict you!
* * * LOW HITPOINT WARNING * * *
The hornet stings you.
You die...

~~..~~~~....~.
~.~~~~.~~.~~~ ~.
../§~.....~.♣...
..~~...~~..♣~~.
♣~.§~≈~≈~~~♣~♣
♣.~~~≈≈≈≈≈~..~
.~♣.~≈≈~≈≈≈≈~..♣
~~~.≈≈≈yfy≈≈≈~♣♣
~~~~≈≈≈.@§≈≈≈~..
~~§.~≈≈..~≈≈≈.~.
§~..~≈≈≈≈≈≈≈§~~~
..(..≈≈≈≈≈≈~~.~~
♣~~♣..~≈≈~~~.~§~
~♣♣~........~.~~
♣~.♣.~~..§....
♣♣~..~§....♣♣.


You could see a shambling mangrove and 2 hornets.

Vanquished Creatures
  Vashnia (Snake:4)
  Nikola (Snake:2)
  The ghost of Odausch the Black Sun, an adept DsNe of Kikubaaqudgha (Snake:3)
  A quicksilver dragon (Snake:4)
  6 nagarajas
  An orc warlord (Orc:2)
  Nessos (Lair:5)
  A red draconian (Volcano)
  Josephine (D:12)
  8 vault guards (D:14)
  Harold (Lair:1)
  A hydra (Lair:5)
  2 salamander tyrants (Snake:4)
  3 centaur warriors
  4 catoblepae
  4 anacondas
  5 boulder beetles
  Erica (D:11)
  14 naga warriors
  4 two-headed ogres
  14 death yaks (Lair:5)
  7 orc high priests (Orc:2)
  2 shock serpents
  11 naga sharpshooters
  Nergalle (Lair:3)
  5 skysharks
  2 arcanists
  4 naga ritualists
  A bog body (Lair:2)
  5 mana vipers
  10 orc knights
  A deep elf pyromancer (D:14)
  6 ugly things (D:14)
  9 manticores
  3 orc sorcerers
  4 cyclopes
  13 salamanders
  4 elephants (Lair:5)
  15 naga magi
  35 black mambas
  A black mamba (shapeshifter) (D:14)
  2 kobold blastminers (Orc:1)
  2 molten gargoyles (Volcano)
  Maggie (D:8)
  4 guardian serpents (Snake:4)
  12 cane toads
  A yaktaur (D:14)
  A kobold demonologist (D:14)
  An efreet (D:13)
  5 komodo dragons
  A freezing wraith (D:14)
  3 rime drakes
  A tyrant leech (Swamp:1)
  2 polar bears (Lair:1)
  8 trolls
  The ghost of noobster the Conjurer, an amateur DrCj (D:4)
  17 blink frogs
  7 dream sheep (Lair:5)
  A centaur simulacrum (D:14)
  A shadow (D:10)
  Sigmund (D:3)
  66 yaks
  2 vampires
  5 wyverns
  6 wraiths
  6 basilisks
  2 fire bats (Volcano)
  3 humans
  2 wargs
  4 vampire mosquitoes (D:12)
  51 nagas
  An acid dragon (D:11)
  9 water moccasins
  2 hell hounds (Orc:1)
  An ice beast (D:4)
  46 orc warriors
  A sky beast (D:7)
  4 black bears
  2 wolves (D:11)
  9 ogres
  9 centaurs
  2 phantoms
  A kobold brigand (D:9)
  A gnoll sergeant (D:8)
  11 bullfrogs
  3 scorpions
  12 killer bees
  6 howler monkeys
  4 electric eels
  4 lava snakes (Volcano)
  3 bombardier beetles
  5 jellies
  25 orc priests
  8 hounds
  2 sleepcaps
  4 iguanas
  20 orc wizards
  3 gnolls (D:8)
  7 adders
  A shadow imp (D:5)
  4 dart slugs
  A ribbon worm (D:2)
  99 orcs
  7 endoplasms
  5 giant cockroaches
  11 hobgoblins
  8 jackals
  5 quokkas
  10 ball pythons
  2 bats
  5 frilled lizards
  6 goblins
  14 kobolds
  3 rats
819 creatures vanquished.

Vanquished Creatures (collateral kills)
  Donald (Snake:1)
  The ghost of Gruesome the Grappler, a journeyman DrSh of Gozag (Orc:2)
  An anaconda (Snake:4)
  3 two-headed ogres (Orc:2)
  A shock serpent (Snake:4)
  A naga sharpshooter (Snake:4)
  An orc knight (Orc:2)
  2 salamanders
  A guardian serpent (Snake:4)
  4 naga magi
  A warg (Orc:2)
  3 nagas
  2 orc warriors (Orc:2)
  7 orc priests (Orc:2)
  An orc wizard (Orc:2)
  13 orcs (Orc:2)
43 creatures vanquished.

Grand Total: 862 creatures vanquished

Notes
Turn   | Place    | Note
-------+----------+-------------------------------------------
     0 | D:1      | Dirtsage the Octopode Shapeshifter began the quest for the
                  | Orb.
     0 | D:1      | Reached XP level 1. HP: 13/13 MP: 1/1
   196 | D:1      | Found Jigolit's Jewellery Shoppe.
   203 | D:1      | Reached XP level 2. HP: 13/18 MP: 2/2
   338 | D:1      | Noticed an animated plate armour
   340 | D:1      | Found Tyeby's Armour Boutique.
   342 | D:1      | Noticed an animated plate armour
   800 | D:1      | Reached XP level 3. HP: 23/23 MP: 3/3
   880 | D:1      | Found Ajillogij's Antique Armour Shop.
  1398 | D:2      | Reached XP level 4. HP: 27/29 MP: 4/4
  1409 | D:2      | Identified the +0 leather armour of the Great Game {Stlth+}
  1434 | D:2      | Found Hakyczo's Antique Armour Shop.
  1464 | D:2      | Found Duamymm's Assorted Antiques.
  1585 | D:2      | Found Moatyg's Weapon Emporium.
  1594 | D:2      | You fall into a shaft and drop 2 floors!
  2068 | D:2      | Found Runu's Weapon Shoppe.
  2075 | D:2      | Found Jebyug's Armour Shop.
  2173 | D:3      | Noticed a black bear
  2202 | D:3      | Killed a black bear
  2203 | D:3      | Reached skill level 4 in Shapeshifting
  2203 | D:3      | Reached XP level 5. HP: 35/35 MP: 5/5
  2504 | D:3      | Noticed Sigmund
  2520 | D:3      | Killed Sigmund
  2521 | D:3      | Reached XP level 6. HP: 7/42 MP: 6/6
  2664 | D:3      | Found a sparkling altar of Nemelex Xobeh.
  2664 | D:3      | Found a broken altar of Ashenzari.
  2876 | D:4      | Noticed an ice beast
  2878 | D:4      | Noticed noobster's ghost (amateur DrCj)
  2888 | D:4      | Found a runed translucent gate.
  2888 | D:4      | Found a runed translucent gate.
  2888 | D:4      | Found a runed translucent gate.
  2983 | D:4      | Learned a level 3 spell: Ozocubu's Armour
  3556 | D:5      | Entered Level 5 of the Dungeon
  3576 | D:5      | Reached skill level 5 in Shapeshifting
  3576 | D:5      | Reached XP level 7. HP: 44/46 MP: 7/7
  3659 | D:5      | Reached skill level 1 in Ice Magic
  3972 | D:5      | Found a white marble altar of Elyvilon.
  3988 | D:5      | Became a worshipper of Elyvilon the Healer
  4149 | D:5      | Found a shadowy altar of Dithmenos.
  4468 | D:5      | Reached XP level 8. HP: 29/54 MP: 8/8
  4577 | D:5      | Reached * piety under Elyvilon
  4917 | D:6      | Reached skill level 6 in Shapeshifting
  5115 | D:6      | Found a staircase to the Ecumenical Temple.
  5124 | Temple   | Entered the Ecumenical Temple
  5133 | Temple   | Fell from the grace of Elyvilon
  5133 | Temple   | Became a worshipper of the Shining One
  5329 | D:6      | Reached skill level 5 in Unarmed Combat
  5564 | D:6      | Noticed a yak
  5565 | D:6      | Noticed a yak
  5578 | D:6      | Noticed a yak
  5580 | D:6      | Noticed a yak
  5587 | D:5      | Killed a yak
  5796 | D:6      | Found a burning altar of Makhleb.
  5799 | D:6      | Noticed a green death
  5803 | D:6      | Found a glowing silver altar of Zin.
  5803 | D:6      | Noticed an angel
  5874 | D:6      | Reached skill level 5 in Dodging
  6032 | D:7      | Reached XP level 9. HP: 45/59 MP: 9/9
  6250 | D:7      | Reached skill level 7 in Shapeshifting
  6431 | D:7      | Reached skill level 5 in Fighting
  6719 | D:7      | Found an opulent altar of Gozag.
  7626 | D:8      | Reached skill level 8 in Shapeshifting
  7629 | D:8      | Reached XP level 10. HP: 40/68 MP: 8/10
  8047 | D:8      | Found a shimmering blue altar of Sif Muna.
  8053 | D:8      | Found a bloodstained altar of Trog.
  8387 | D:8      | Found an iron altar of Okawaru.
  8500 | D:8      | Noticed Maggie
  8708 | D:6      | Reached skill level 5 in Ice Magic
  9111 | D:8      | Killed Maggie
  9345 | D:9      | Reached skill level 9 in Shapeshifting
  9867 | D:9      | Noticed a two-headed ogre
  9877 | D:9      | Killed a two-headed ogre
 10233 | D:10     | Entered Level 10 of the Dungeon
 10466 | D:10     | Reached XP level 11. HP: 74/74 MP: 7/11
 10469 | D:10     | Reached skill level 1 in Invocations
 10699 | D:10     | Reached * piety under the Shining One
 10727 | D:10     | Found a shimmering altar of Xom.
 11257 | D:11     | Reached skill level 10 in Shapeshifting
 11469 | D:11     | Noticed a manticore
 11486 | D:11     | Killed a manticore
 11714 | D:11     | Found a staircase to the Orcish Mines.
 11796 | D:11     | Found a staircase to the Lair.
 12003 | D:11     | Noticed Erica
 12011 | D:11     | Killed Erica
 12334 | D:11     | Noticed an arcanist
 12342 | D:11     | Killed an arcanist
 12532 | D:11     | Reached ** piety under the Shining One
 13159 | D:1      | Bought a +5 ring of evasion for 432 gold pieces
 13389 | Lair:1   | Entered Level 1 of the Lair of Beasts
 13397 | Lair:1   | Reached XP level 12. HP: 82/82 MP: 15/15
 13564 | Lair:1   | Reached skill level 11 in Shapeshifting
 13729 | Lair:1   | Noticed Harold
 13766 | Lair:1   | Killed Harold
 14273 | Lair:1   | Reached skill level 5 in Invocations
 14809 | Lair:1   | You fall into a shaft and drop 1 floor!
 15548 | Lair:2   | Noticed a skyshark
 15555 | Lair:2   | Killed a skyshark
 15556 | Lair:2   | Reached skill level 12 in Shapeshifting
 15644 | Lair:2   | Reached XP level 13. HP: 90/90 MP: 15/17
 15928 | Lair:2   | Found a staircase to the Snake Pit.
 15993 | Lair:2   | Learned a level 3 spell: Frozen Ramparts
 15998 | Lair:2   | Learned a level 4 spell: Manifold Assault
 16163 | Lair:2   | Upgraded the game from 0.31-a0-1598-g94871bc2e8 to
                  | 0.31-a0-1610-g9787180647
 16170 | Lair:2   | Found a staircase to the Swamp.
 16964 | Lair:3   | Noticed Nergalle
 16998 | Lair:3   | Killed Nergalle
 18528 | Lair:4   | Noticed Rupert
 18544 | Lair:5   | Entered Level 5 of the Lair of Beasts
 18646 | Lair:5   | Reached *** piety under the Shining One
 18667 | Lair:5   | Reached skill level 10 in Unarmed Combat
 18670 | Lair:5   | Reached skill level 10 in Dodging
 18670 | Lair:5   | Reached skill level 13 in Shapeshifting
 18761 | Lair:5   | Noticed Nessos
 18772 | Lair:5   | Killed Nessos
 18807 | Lair:5   | Reached skill level 10 in Fighting
 19187 | Lair:5   | Reached XP level 14. HP: 99/99 MP: 10/19
 21182 | Lair:5   | Reached skill level 14 in Shapeshifting
 21717 | Lair:4   | Found a viscous altar of Jiyva.
 21738 | Lair:4   | Found a staircase to the Slime Pits.
 22603 | D:12     | Reached **** piety under the Shining One
 22821 | D:12     | Noticed Josephine
 22832 | D:12     | Killed Josephine
 22840 | D:12     | Reached skill level 1 in Translocations
 23509 | D:13     | HP: 2/121 [efreet/bolt of fire (28)]
 23936 | D:13     | Identified the amulet of Kindness {Reflect ^Contam Dex+4
                  | SH+5}
 23971 | D:13     | Reached XP level 15. HP: 93/106 MP: 21/21
 24293 | D:13     | Identified the +5 ring mail of Inaixta {^Drain rPois Slay+3
                  | SInv}
 24516 | D:14     | Reached ***** piety under the Shining One
 25298 | D:14     | Found a gate to the Vaults.
 26620 | D:2      | Bought a potion of curing for 69 gold pieces
 26620 | D:2      | Bought a dented cabochon amulet for 115 gold pieces
 26620 | D:2      | Bought a scroll labelled ZOERIAC LINNO for 23 gold pieces
 26860 | Orc:1    | Entered Level 1 of the Orcish Mines
 26988 | Orc:2    | Entered Level 2 of the Orcish Mines
 27094 | Orc:2    | Found a flickering gateway to a bazaar.
 27144 | Bazaar   | Entered a bazaar
 27144 | Bazaar   | Found Elozasam's General Store.
 27144 | Bazaar   | Found Haazxaich's Antique Armour Boutique.
 27144 | Bazaar   | Found Ivvoek's Distillery.
 27144 | Bazaar   | Found Aqot's Book Boutique.
 27144 | Bazaar   | Found Ympaoptap's Weapon Shop.
 27449 | Orc:1    | Reached skill level 15 in Shapeshifting
 27475 | Orc:1    | Found a dark tunnel.
 27490 | Volcano  | Entered a volcano
 27755 | Volcano  | Found a bloodstained altar of Trog.
 28716 | Orc:2    | Found a staircase to the Elven Halls.
 29073 | Orc:2    | Found a transporter.
 29074 | Orc:2    | Noticed Gruesome's ghost (journeyman DrSh)
 29088 | Orc:2    | Found a transporter.
 29101 | Orc:2    | Killed Gruesome's ghost
 29104 | Orc:2    | Reached skill level 10 in Invocations
 29366 | Orc:2    | Noticed an orc warlord
 29714 | Orc:2    | Killed an orc warlord
 30046 | Orc:2    | Reached ****** piety under the Shining One
 30047 | Orc:2    | Reached XP level 16. HP: 114/114 MP: 19/23
 30427 | Orc:2    | Found Secianept's Magic Scroll Emporium.
 30430 | Orc:2    | Found Raucujul's Assorted Antiques.
 30431 | Orc:2    | Found Yru Jerpho's General Store.
 30432 | Orc:2    | Found Egietam's Antique Armour Shoppe.
 30435 | Orc:2    | Bought a potion of heal wounds for 60 gold pieces
 30874 | Orc:2    | Reached skill level 5 in Translocations
 31095 | Orc:2    | Bought a scroll of teleportation for 48 gold pieces
 31095 | Orc:2    | Bought a scroll of teleportation for 48 gold pieces
 31095 | Orc:2    | Bought a scroll of blinking for 120 gold pieces
 31287 | Snake:1  | Entered Level 1 of the Snake Pit
 31287 | Snake:1  | Noticed Donald
 31294 | Snake:1  | Killed Donald
 32065 | Snake:1  | Found Nodd's Jewellery Shop.
 32065 | Snake:1  | Found Irowaihu's Book Shoppe.
 32086 | Snake:1  | Found Aklof's Jewellery Shop.
 32122 | Snake:1  | Bought a storm talisman for 1200 gold pieces
 32122 | Snake:1  | Bought a +4 ring of protection for 540 gold pieces
 32810 | Snake:2  | Reached skill level 16 in Shapeshifting
 32952 | Snake:2  | Noticed Nikola
 32961 | Snake:2  | Killed Nikola
 33120 | Snake:2  | Found Teprurgh's Book Shoppe.
 33123 | Snake:2  | Found Tachon's Antique Weapon Shoppe.
 33123 | Snake:2  | Found Kutwuih's Magic Scroll Emporium.
 33128 | Snake:2  | Found Oqaiwk's General Store.
 34563 | Snake:3  | Reached skill level 17 in Shapeshifting
 34640 | Snake:3  | Found a runed translucent door.
 34647 | Snake:3  | Noticed Odausch's ghost (adept DsNe)
 34669 | Snake:3  | Noticed a nagaraja
 34685 | Snake:3  | Killed a nagaraja
 35982 | Snake:3  | Killed Odausch's ghost
 35991 | Snake:3  | Identified the +9 whip "Pewenty" {speed, Stlth+}
 36237 | Snake:4  | Entered Level 4 of the Snake Pit
 36372 | Snake:4  | Reached XP level 17. HP: 36/119 MP: 17/24
 36875 | Snake:4  | Found a transporter.
 36886 | Snake:4  | Found a transporter.
 36886 | Snake:4  | Noticed a tentacled starspawn
 36889 | Snake:4  | Noticed Vashnia
 36912 | Snake:4  | Noticed Tungsten's ghost (adept OpSh)
 36918 | Snake:4  | Killed Vashnia
 36919 | Snake:4  | Reached skill level 18 in Shapeshifting
 37005 | Snake:4  | Found a one-way gate to the infinite horrors of the Abyss.
 37323 | Snake:4  | Noticed a Hell Sentinel
 37331 | Snake:4  | Noticed a tentacled starspawn
 37909 | Snake:4  | Found Iiovep's Incredible Inventory.
 38243 | Snake:4  | Reached skill level 19 in Shapeshifting
 38418 | Snake:4  | HP: 7/142 [poisoned by a naga ritualist (toxic radiance)]
 39691 | Snake:4  | Noticed a quicksilver dragon
 40078 | Snake:4  | Killed a quicksilver dragon
 40148 | Snake:4  | Got a serpentine rune of Zot
 40531 | D:4      | Killed noobster's ghost
 40765 | Swamp:1  | Entered Level 1 of the Swamp
 40784 | Swamp:1  | HP: 1/119 [constriction (13)]
 40784 | Swamp:1  | Slain by a hornet

Illustrated notes

Levels and vault maps discovered:
D:1:      moated_graveyard_arrival, layout_basic, serial_forest,
          infiniplex_forest_diagonal, infiniplex_forest_lined_2,
          infiniplex_forest_lined_room_3, infiniplex_forest_clump_curved,
          infiniplex_forest_lined_2, serial_shops, nicolae_shop_mannequins,
          shop, shop, chequers_serial_rivers_small_a
D:2:      kb_forest_paths, layout_basic, serial_shops, shop, shop, shop, shop,
          shop
D:3:      layout_rooms, gammafunk_temple_overflow_statue, uniq_sigmund
D:4:      layout_loops_ring, gammafunk_ghost_split,
          hangedman_decor_clover_reticule, wad_orctagon
D:5:      layout_loops_cross, grunt_dithmenos_shadows,
          nicolae_elyvilon_temple_path, dk_noncrumbling_3,
          hangedman_decor_opposing, bh_walls_and_bars
D:6:      layout_loops_ring, grunt_temple_overflow_order_and_chaos_2,
          temple_hall, kennysheep_generic_room_7
D:7:      layout_basic, overflow_temple_1_default
D:8:      layout_basic, hellmonk_overflow_destroyed_library, okawaru_humans,
          uniq_maggie
D:9:      layout_basic, minmay_misc_feat_diagonals
D:10:     layout_stronghold, lemuel_crystal_altar
D:11:     layout_roguey [special_room_orc], erik_lair_island, erik_orc_4,
          uniq_erica
D:12:     layout_long_grid, uniq_josephine
D:13:     layout_rooms
D:14:     layout_roguey, erik_vaults_2, serial_aquarium,
          aquarium_bridge_island_small [aquarium_subvault_small_open,
          aquarium_subvault_bridge, aquarium_subvault_bridge,
          aquarium_subvault_window, aquarium_subvault_window],
          aquarium_window_1, aquarium_window_1, aquarium_window_1,
          aquarium_view_2f, aquarium_balcony_3a, aquarium_pool_split,
          dk_noncrumbling_2, hangedman_decor_growths
Temple:   nicolae_temple_ecumenical_triangle
Lair:1:   layout_loops_ring, cheibrodos_lair_reptile_den, uniq_harold
Lair:2:   layout_gridlike, nicolae_swamp_entry_splash_gauntlet,
          alex1729_snake_entry_snake, grunt_megastairs_2
Lair:3:   layout_cave_pods, chequers_serial_rivers_large_a, uniq_nergalle
Lair:4:   layout_small_grid, nicolae_slime_entry_field_trip,
          infiniplex_staircase_pool, serial_bayou_shore_a, uniq_rupert
Lair:5:   evilmike_catoblepas_cave, layout_loops_ring, uniq_nessos
Swamp:1:  layout_basic_swamp, hangedman_swamp_pad, swamp_pool_1_2,
          infiniplex_staircase_pool_2
Snake:1:  layout_gridlike, nicolae_integral_box, minmay_shop_grove, uniq_donald
Snake:2:  layout_grid_maze, minmay_shoptagon, uniq_nikola
Snake:3:  layout_rooms, ebering_ghost_reflecting_pool, st_stairs_1,
          grunt_ministairs_11, nicolae_large_snake_swirl
Snake:4:  hellmonk_snake_rune_quicksilver_temple, layout_chambers,
          gammafunk_ghost_abyssal_escape, nicolae_alphabet_shops, st_stairs_2,
          uniq_vashnia
Orc:1:    layout_caves, enter_volcano_3
Orc:2:    st_orc_pillars, layout_diamond_mine, basic_altar,
          gammafunk_ghost_smash, serial_shops, bzr_entry_road,
          lightli_church_of_beogh

Skill      XL: |  1  2  3  4  5  6  7  8  9 10 11 12 13 14 15 16 17 |
---------------+----------------------------------------------------+-----
Fighting       | 2 3 4 5 6 8 9 10 11 12 | 12.1
Dodging        | 3 4 5 6 7 8 9 10 11 12 | 12.2
Shapeshifting  | 4 5 6 8 9 10 12 13 14 15 17 19 | 19.7
Unarmed Combat | 4 5 6 7 8 9 10 11 12 | 12.1
Ice Magic      | 1 3 4 5 |  5.9
Invocations    | 4 6 7 9 10 | 10.5
Translocations | 2 4 5 |  5.3

Action                     |  1- 3 |  4- 6 |  7- 9 | 10-12 | 13-15 | 16-18 || total
---------------------------+-------+-------+-------+-------+-------+-------++-------
  Melee: Unarmed           |    82 |    93 |   251 |   536 |  1033 |   668 ||  2663
         Constrict         |    18 |    24 |    54 |   139 |   227 |   164 ||   626
         Tentacles         |    10 |    13 |    72 |    12 |       |     8 ||   115
         Punch             |     3 |     4 |     7 |       |       |     4 ||    18
   Cast: Ozocubu's Armour  |       |       |     4 |    38 |    50 |    19 ||   111
         Frozen Ramparts   |       |       |       |       |    31 |    22 ||    53
         Manifold Assault  |       |       |       |       |       |     2 ||     2
 Invoke: Divine Shield     |       |       |       |     1 |     6 |     7 ||    14
         Summon Divine War |       |       |       |       |     2 |     3 ||     5
         Cleansing Flame   |       |       |       |       |       |     2 ||     2
  Evoke: Wand              |       |       |       |     1 |     1 |     3 ||     5
         Phial of floods   |       |       |       |       |       |     1 ||     1
    Use: Potion            |       |     3 |       |     2 |     1 |     9 ||    15
         Scroll            |       |     4 |     1 |    12 |    15 |     2 ||    34
   Stab: Sleeping          |     7 |     7 |     2 |       |       |       ||    16
 Armour: Skin              |    25 |    42 |    95 |   246 |   481 |   295 ||  1184
  Dodge: Dodged            |    38 |    49 |   129 |   313 |   639 |   521 ||  1689
  Block: Other             |       |       |       |       |    78 |   155 ||   233
         Reflection        |       |       |       |       |    12 |    38 ||    50
   Form: Flux              |       |       |     1 |       |       |       ||     1
         Serpent           |       |       |       |     1 |       |       ||     1
                           |       |       |       |       |       |     1 ||     1

Table legend: (Time is in decaauts)
 A = Elapsed time spent in this place.
 B = Non-inter-level travel time spent in this place.
 C = Inter-level travel time spent in this place.
 D = Time resting spent in this place.
 E = Time spent auto-exploring this place.
 F = Levels seen in this place.
 G = Mean time per level.
                   A        B        C        D        E       F      G
               +--------+--------+--------+--------+--------+-----+--------+
         Total |  40345 |  37342 |   3003 |   2838 |  27490 |  29 | 1391.2 |
       Dungeon |  18361 |  16316 |   2045 |   1156 |  12535 |  14 | 1311.5 |
        Temple |     18 |      2 |     16 |      0 |      0 |   1 |   18.0 |
          Lair |   8825 |   8424 |    401 |    299 |   6485 |   5 | 1765.0 |
         Swamp |     16 |     16 |      0 |      0 |      0 |   1 |   16.0 |
     Snake Pit |   8883 |   8592 |    291 |   1109 |   6004 |   4 | 2220.8 |
  Orcish Mines |   3188 |   2940 |    248 |    194 |   1817 |   2 | 1594.0 |
        Bazaar |    241 |    241 |      0 |      0 |    205 |   1 |  241.0 |
       Volcano |    809 |    809 |      0 |     80 |    443 |   1 |  809.0 |
               +--------+--------+--------+--------+--------+-----+--------+

Top non-repeatable levels by time:
 Snake:4: 3950 daAuts
  Lair:5: 3118 daAuts
   Orc:2: 2516 daAuts
    D:14: 2227 daAuts
    D:11: 2089 daAuts
 Snake:3: 2036 daAuts
 Snake:2: 2024 daAuts
     D:8: 1755 daAuts
  Lair:2: 1730 daAuts
     D:6: 1574 daAuts
  Lair:1: 1484 daAuts
     D:5: 1378 daAuts
  Lair:3: 1368 daAuts
     D:7: 1363 daAuts
     D:4: 1160 daAuts
